AoeStats
← fechinoo

Arena

508440463Analyzed
4v4 RM · 10d ago on Sep 22, 2026· 38m 29s· 8 players
Game mode
Random Map
Map size
Large (8 player)
Population
200
Speed
Normal
Resources
Standard
Victory
Conquest
Starting age
Dark Age
Ending age
Imperial Age
RankedLock teamsTeams togetherTeam positionsShared explorationLock speedFull tech treeHidden civsTurbo modeCheats
Victory
Defeat
🇨🇳 Bohemians · China
1056
+14
🇨🇳 Wei · China
1007
+16
🇭🇰 Teutons · Hong Kong SAR China
1000
+16
🇨🇳 Turks · China
972
+17
🇷🇺 Inca · Russia
1037
-17
🇵🇹 Spanish · Portugal
1036
-17
🇮🇳 Huns · India
1005
-16
🇫🇷 Lithuanians · France
944
-13
chisyeung4c
11:45 Feudal Age
15:25 Castle Age
14:33 Double-Bit Axe
14:31 Horse Collar
15:19 Gold Mining
18:04 Loom
25:02 Heavy Plow
25:42 Fortified Wall
25:51 Fletching
26:33 Bodkin Arrow
28:13 Scale Barding Armor
29:22 Bloodlines
31:12 Wheelbarrow
31:17 Bow Saw
34:41 Masonry
38:21 Imperial Age
35:53 Stone Mining
38:58 Chain Barding Armor
38:49 Forging
38:39 Scale Mail Armor
38:41 Padded Archer Armor
39:04 Ballistics
SQovs搁浅的跳虾
10:41 Feudal Age
11:23 Double-Bit Axe
11:22 Horse Collar
18:42 Castle Age
17:06 Stone Mining
17:24 Loom
17:34 Gold Mining
19:01 Wheelbarrow
18:56 Loom
19:29 Heavy Plow
19:42 Bow Saw
20:40 Stone Shaft Mining
21:45 Gold Shaft Mining
24:29 Scale Barding Armor
24:35 Forging
25:15 Bloodlines
25:08 Husbandry
26:43 Hand Cart
31:09 Tuntian
33:46 Imperial Age
34:24 Chain Barding Armor
34:40 Iron Casting
33:57 Fletching
35:16 Crop Rotation
35:02 Elite Tiger Cavalry
36:12 Thumb Ring
37:20 Blast Furnace
36:11 Fletching
39:19 Ming Guang Armor
39:15 Conscription
38:20 Light Cavalry
gongyi528
12:20 Feudal Age
10:35 Loom
13:28 Double-Bit Axe
13:34 Gold Mining
13:58 Horse Collar
17:01 Castle Age
18:17 Gold Shaft Mining
22:38 Imperial Age
20:37 Bow Saw
20:59 Padded Archer Armor
22:05 Leather Archer Armor
22:37 Heavy Plow
24:03 Wheelbarrow
25:15 Ring Archer Armor
32:08 Two-Man Saw
33:55 Hand Cart
33:43 Capped Ram
35:25 Fletching
36:11 Bodkin Arrow
37:44 Bracer
37:50 Scale Barding Armor
38:28 Forging
39:05 Fortified Wall
39:16 Ballistics
fechinoo
11:24 Feudal Age
15:09 Castle Age
13:11 Double-Bit Axe
13:40 Horse Collar
19:37 Bow Saw
19:28 Heavy Plow
22:46 Wheelbarrow
23:43 Loom
24:17 Town Watch
25:08 Hand Cart
28:45 Murder Holes
35:50 Imperial Age
36:29 Chemistry
35:10 Treadmill Crane
35:40 Masonry
35:33 Padded Archer Armor
36:34 Leather Archer Armor
36:34 Scale Mail Armor
36:45 Forging
37:45 Ring Archer Armor
38:38 Two-Man Saw
Capt. Abisto
0:49 Loom
12:38 Feudal Age
16:40 Castle Age
18:57 Stone Mining
25:01 Forging
24:57 Scale Barding Armor
28:43 Iron Casting
28:29 Chain Barding Armor
30:48 Scale Mail Armor
30:43 Fletching
30:53 Padded Archer Armor
33:33 Imperial Age
31:55 Bodkin Arrow
32:58 Leather Archer Armor
32:37 Gold Mining
33:36 Wheelbarrow
34:59 Conscription
34:42 Bracer
35:12 Parthian Tactics
35:15 Thumb Ring
36:17 Squires
36:02 Arson
35:38 Pikeman
37:49 Blast Furnace
36:50 Scale Mail Armor
37:17 Hand Cart
37:24 Double-Bit Axe
37:25 Horse Collar
IsidoreDucasse
9:42 Feudal Age
11:35 Wheelbarrow
10:45 Loom
15:11 Castle Age
14:34 Horse Collar
14:41 Double-Bit Axe
15:23 Gold Mining
16:01 Loom
16:38 Heavy Plow
20:41 Coinage
21:32 Bow Saw
23:59 Stone Mining
25:41 Hand Cart
27:30 Bloodlines
27:21 Husbandry
32:01 Scale Barding Armor
31:56 Padded Archer Armor
32:11 Forging
Pipi kiwi
10:41 Feudal Age
14:12 Double-Bit Axe
13:58 Champi Runner
18:57 Castle Age
17:27 Arson
18:08 Gold Mining
18:31 Scale Mail Armor
19:16 Champi Warrior
19:24 Champi Warrior
21:16 Forging
21:22 Squires
24:18 Pikeman
30:28 Iron Casting
!
7:21 Loom
11:32 Feudal Age
15:47 Castle Age
14:49 Double-Bit Axe
23:40 Horse Collar
24:12 Bow Saw
Connection lost

Rejoining the realm…

Still unreachable

The connection could not be restored.

Session expired

The server has moved on; the page needs a fresh start.